 Dungeon Crawl Stone Soup version 0.13.1-2-gfb2c2b7 (webtiles) character file.

163 Lilouch the Skirmisher (level 3, -9/25 HPs)
             Began as a Demonspawn Chaos Knight on Dec 11, 2013.
             Was a Plaything of Xom.
             Killed from afar by a giant cockroach (27 damage)
             ... with an exploding inner flame
             ... hexed by Xom
             ... on Level 3 of the Dungeon.
             The game lasted 00:05:56 (1949 turns).

Lilouch the Skirmisher (Demonspawn Chaos Knight)    Turns: 1949, Time: 00:05:56

HP  -9/25        AC  5     Str 13      XL: 3   Next: 76%
MP   3/3         EV 10     Int 13      God: Xom
Gold 105         SH  0     Dex 12      Spells:  0 memorised,  2 levels left

Res.Fire  : . . .   See Invis. : .   a - +0 spear (chaos) {=f}
Res.Cold  : . . .   Warding    : .   b - +2 leather armour
Life Prot.: . . .   Conserve   : .   (no shield)
Res.Poison: .       Res.Corr.  : .   (helmet restricted)
Res.Elec. : .       Clarity    : .   (no cloak)
Sust.Abil.: . .     Spirit.Shd : .   (no gloves)
Res.Mut.  : .       Stasis     : .   (no boots)
Res.Rott. : .       Flight     : .   (no amulet)
Saprovore : . . .                    (no ring)
                                     (no ring)

@: not resistant to hostile enchantments, very unstealthy
A: horns 1, deterioration 2, -10% hp, powered by pain 2
a: Renounce Religion


You were on level 3 of the Dungeon.
You worshipped Xom.
You were a special plaything of Xom.
You were hungry.

You visited 1 branch of the dungeon, and saw 3 of its levels.

You collected 85 gold pieces.

Inventory:

Hand weapons
 a - a +0,+0 spear of chaos (weapon) {=f}
 u - a +0 blowgun
Missiles
 l - 12 poisoned needles
 m - 2 poisoned darts (quivered)
Armour
 b - a +2 leather armour (worn)
 e - a +0 orcish helmet
Comestibles
 c - 2 bread rations
 g - a choko
 p - a rotting chunk of hobgoblin flesh
Scrolls
 d - 2 scrolls of remove curse {unknown}
 h - a scroll of enchant weapon II {unknown}
 i - a scroll of curse armour {unknown}
 j - a scroll of amnesia {unknown}
 k - a scroll of teleportation {unknown}
 o - a scroll of fear {unknown}
 q - 2 scrolls of random uselessness {unknown}
 r - a scroll of recharging {unknown}
 s - a scroll of identify {unknown}
 t - a scroll of blinking {unknown}
Potions
 f - a potion of curing {unknown}
 v - a potion of resistance {unknown}
Books
 n - a book of Fire

   Spells                             Type                      Level
   Fire Brand                         Charms/Fire                  2
   Ignite Poison                      Fire/Transmutation           5
   Fireball                           Conjuration/Fire             5
   Bolt of Fire                       Conjuration/Fire             6
   Delayed Fireball                   Conjuration/Fire             7
   Ring of Flames                     Charms/Fire                  7


   Skills:
 * Level 3.6 Fighting
 + Level 3.4 Polearms
 + Level 2.4 Armour
 - Level 0.8 Dodging


You had 2 spell levels left.
You didn't know any spells.

Dungeon Overview and Level Annotations

Branches:
Dungeon (3/27)

Altars:


Innate Abilities, Weirdness & Mutations

You sometimes gain power by taking damage.
You have a pair of small horns on your head.
Your body is deteriorating.
You are frail (-10% HP).


Message History

The giant newt is heavily wounded.
You kill the giant newt!
An orc priest comes into view. It is wielding an orcish trident.
You barely miss the giant cockroach. "Burn, baby, burn!"
The orc is filled with an inner flame.
The orc priest is filled with an inner flame.
The giant cockroach is filled with an inner flame.
The orc priest mumbles some strange prayers to Beogh.
You feel a wave of unholy energy pass over you.
The giant cockroach barely misses you.
You see here a poisoned needle.
l - 12 poisoned needles (gained 1)
The giant cockroach barely misses you.
You hit the giant cockroach. You freeze the giant cockroach.
The giant cockroach explodes!
The fiery explosion engulfs you!
One of your 2 scrolls labeled TUICVU LIGU catches fire!
Ouch! That really hurt!
You die...

####################
.....o.ยงยงยง.........#
#....####@.........# .
####.......[..#
..................#
.###.........%####
#..........#
#..........#
#.........>#
#..........#
#..........#


You could see an orc (inner flame).

Vanquished Creatures
  An inept feature mimic (D:2)
  2 giant mites
  A giant gecko (D:2)
  A ball python (D:2)
  2 bats
  4 goblins
  8 hobgoblins
  9 kobolds
  A giant cockroach (D:2)
  3 giant newts
  5 rats
37 creatures vanquished.

Vanquished Creatures (others)
  An orc (D:3)
1 creature vanquished.

Grand Total: 38 creatures vanquished

Notes
Turn   | Place    | Note
--------------------------------------------------------------
     0 | D:1      | Lilouch, the Demonspawn Chaos Knight, began the quest for the Orb.
     0 | D:1      | Reached XP level 1. HP: 16/16 MP: 1/1
    91 | D:1      | XOM: divination: detect creatures
   359 | D:1      | Gained mutation: You sometimes gain a little power by taking damage. [demonic ancestry]
   359 | D:1      | Reached XP level 2. HP: 11/22 MP: 2/2
   365 | D:1      | XOM: give mutation
   365 | D:1      | Gained mutation: You have a pair of small horns on your head. [Xom's grace]
  1088 | D:2      | Gained mutation: You sometimes gain power by taking damage. [demonic ancestry]
  1088 | D:2      | Reached XP level 3. HP: 15/28 MP: 3/3
  1153 | D:2      | XOM: give mutations
  1153 | D:2      | Gained mutation: You are frail (-10% HP). [Xom's mischief]
  1153 | D:2      | Gained mutation: Your body is slowly deteriorating. [Xom's mischief]
  1153 | D:2      | Gained mutation: Your body is deteriorating. [Xom's mischief]
  1860 | D:3      | XOM: confusion (+ monsters)
  1861 | D:3      | XOM: blink monster(s)
  1946 | D:3      | XOM: inner flame monster(s)
  1949 | D:3      | Killed from afar by a giant cockroach

Action                   || total
-------------------------++-------
Melee: Spear             ||   121
 Fire: Blowgun           ||     6
Throw: Dart              ||     1
  Use: Potion            ||     1
 Stab: Sleeping          ||     1
